 Dungeon Crawl Stone Soup version 0.30.1-6-gbe392663c4 (webtiles) character file.

Game seed: 17143283188592624510

102 HagarQim the Grave Robber (level 4, -1/24 HPs)
             Began as a Deep Elf Necromancer on Sept 21, 2023.
             Slain by a ball python (2 damage)
             ... on level 3 of the Dungeon.
             The game lasted 00:07:49 (2098 turns).

HagarQim the Grave Robber (Deep Elf Necromancer)    Turns: 2098, Time: 00:07:50

Health: -1/24      AC:  4    Str:  2 (5)  XL:     4   Next: 49%
Magic:  12/12      EV:  9    Int: 20 (22) God:
Gold:   110        SH:  0    Dex: 12 (15) Spells: 6/11 levels left

rFire   . . .        s - +3 quarterstaff (chaos)
rCold   . . .        (shield currently unavailable)
rNeg    . . .        a - +0 robe
rPois   .            m - +0 helmet
rElec   .            t - +0 cloak
rCorr   .            (no gloves)
SInv    .            (no boots)
Will    .....        (no amulet)
Stlth   ++           (no ring)
HPRegen 0.24/turn    (no ring)
MPRegen 0.13/turn

%: no passive effects
@: constricted
A: no striking features
a: no special abilities


You were on level 3 of the Dungeon.
You visited 1 branch of the dungeon, and saw 3 of its levels.

You collected 110 gold pieces.

Inventory:

Hand Weapons
 d - a +0 short sword
 s - a +3 quarterstaff of chaos (weapon)
Armour
 a - a +0 robe (worn)
 m - a +0 helmet (worn)
 t - a +0 cloak (worn)
Magical Staves
 c - a staff of air
Scrolls
 e - a scroll of fear
 f - a scroll of blinking {unknown}
 g - a scroll of immolation {unknown}
 l - a scroll of fog {unknown}
 n - a scroll of identify
 o - a scroll of teleportation {unknown}
 p - a scroll of torment {unknown}
Potions
 b - a potion of magic
 h - a potion of lignification {unknown}
 j - a potion of might


   Skills:
 + Level 0.1 Fighting
 + Level 0.1 Short Blades
 + Level 2.5 Dodging
 + Level 3.1 Stealth
 + Level 4.1 Spellcasting
 * Level 1.4 Conjurations
 + Level 5.9 Necromancy
 * Level 0.8 Earth Magic


You had 6 spell levels left.
You knew the following spells:

 Your Spells              Type           Power      Damage    Failure   Level
a - Necrotise             Necr           100%       1d9       1%          1
b - Sandblast             Erth           14%        2d6       9%          1
c - Stone Arrow           Conj/Erth      16%        3d8       24%         3

Your spell library contained the following spells:

 Spells                   Type           Power      Damage    Failure   Level
 Vampiric Draining        Necr           27%        2d7       3%          3
 Animate Dead             Necr           27%        N/A       11%         4
 Passwall                 Tmut/Erth      4%         N/A       16%         2
 Agony                    Necr           27%        N/A       30%         5
 Gell's Gravitas          Tloc           4%         N/A       36%         3
 Teleport Other           Tloc           4%         N/A       36%         3
 Dispersal                Tloc           2%         N/A       100%        6


Dungeon Overview and Level Annotations

Branches:
Dungeon (3/15)

Altars:

Shops:
D:3 (


Message History

The orc hits you with a +0 club. Something hits you.
The ball python bites you but does no damage.
The ball python constricts you.
You hit the orc but do no damage. The ball python bites you.
The ball python constricts you. The orc completely misses you.
Something hits you. The ball python bites you.
* * * LOW HITPOINT WARNING * * *
The ball python constricts you.
* * * LOW HITPOINT WARNING * * *
It was a potion of degeneration.
There was something very wrong with that liquid.
You feel weakened.
You feel dopey.
You feel clumsy. The orc barely misses you. Something hits you.
* * * LOW HITPOINT WARNING * * *
The ball python closely misses you. The ball python constricts you.
It was a potion of attraction.
You feel attractive to monsters. The orc hits you with a +0 club.
* * * LOW HITPOINT WARNING * * *
Something hits you but does no damage. The ball python barely misses you.
The ball python constricts you.
* * * LOW HITPOINT WARNING * * *
It was a potion of cancellation.
Your magical effects are unravelling.
You feel magically purged.
You feel a little less mighty now.
You feel a little less clever now. The orc hits you with a +0 club.
* * * LOW HITPOINT WARNING * * *
Something hits you but does no damage. The ball python misses you.
The ball python constricts you.
You feel less attractive to monsters.
Okay, then.
As you read the scroll labelled BOLILAJIUW, it crumbles to dust.
It is a scroll of identify.
e - a scroll of fear The orc hits you with a +0 club.
* * * LOW HITPOINT WARNING * * *
Something hits you.
* * * LOW HITPOINT WARNING * * *
The ball python bites you.
You die...

.......... ..####
...##...###......
#...⌠.⌠..).>....
#....∩..........
.####...⌠.⌠.........
!.............†.....
####...............
#.....S{...#####
##########.....o@...#
....................#
....<...##..#..##...#
.......##..###..##..#
......###..# #..# #.#
......# #.## ##.# .#
......# ## ## #
......# .......


You could see an orc and a ball python.

Vanquished Creatures
  Crazy Yiuf (D:2)
  An adder (D:2)
  2 worms (D:2)
  A dart slug (D:2)
  An orc (D:3)
  3 bats
  3 endoplasms
  2 giant cockroaches
  5 goblins
  5 hobgoblins
  7 jackals (D:1)
  2 quokkas
  4 ball pythons (D:1)
  3 frilled lizards
  4 kobolds
  3 rats
47 creatures vanquished.

Vanquished Creatures (collateral kills)
  An endoplasm (D:1)
  A giant cockroach (D:1)
  2 rats
4 creatures vanquished.

Grand Total: 51 creatures vanquished

Notes
Turn   | Place    | Note
-------+----------+-------------------------------------------
     0 | D:1      | HagarQim the Deep Elf Necromancer began the quest for the
                  | Orb.
     0 | D:1      | Reached XP level 1. HP: 10/10 MP: 6/6
    26 | D:1      | Reached skill level 5 in Necromancy
    48 | D:1      | Learned a level 1 spell: Sandblast
   300 | D:1      | Reached XP level 2. HP: 15/15 MP: 5/8
   611 | D:1      | Found a faded altar of an unknown god.
   810 | D:1      | Reached XP level 3. HP: 9/19 MP: 1/9
  1209 | D:2      | Learned a level 3 spell: Stone Arrow
  1453 | D:2      | Reached skill level 1 in Conjurations
  1824 | D:2      | Reached XP level 4. HP: 24/24 MP: 6/11
  1873 | D:2      | Found a runed translucent door.
  1874 | D:2      | Noticed Crazy Yiuf
  1880 | D:2      | Killed Crazy Yiuf
  2055 | D:3      | Found Ifiericve's Antique Weapon Shop.
  2098 | D:3      | HP: 1/24 [something (1)]
  2098 | D:3      | Slain by a ball python

Illustrated notes

Levels and vault maps discovered:
D:1:      onia_arrival_pentagram, layout_loops_corners,
          ebering_ecumenical_altar_webs
D:2:      layout_basic, uniq_crazy_yiuf_cottage
D:3:      layout_basic, gammafunk_temple_overflow_claw, serial_shops,
          shop_fountains, shop_statue, nicolae_shop_window_shopping,
          nicolae_shop_hallway_plus, shop, uniq_sigmund

Skill      XL: |  1  2  3  4 |
---------------+-------------+-----
Necromancy     | 5 |  5.9
Stealth        | 3 |  3.1
Conjurations   | 1 |  1.4
Spellcasting   | 4 |  4.1
Fighting       | |  0.1
Short Blades   | |  0.1
Dodging        | |  2.5
Earth Magic    | |  0.8

Action                     |  1- 3 |  4- 6 || total
---------------------------+-------+-------++-------
  Melee: Unarmed           |     1 |       ||     1
         Short sword       |     4 |       ||     4
         Quarterstaff      |       |     3 ||     3
   Cast: Necrotise         |    70 |     7 ||    77
         Sandblast         |     4 |       ||     4
    Use: Potion            |       |     5 ||     5
         Scroll            |       |     1 ||     1
   Stab: Sleeping          |     1 |       ||     1
 Armour: Robe              |     2 |     6 ||     8
  Dodge: Dodged            |    13 |    13 ||    26
